 Dungeon Crawl Stone Soup version 0.31-a0-692-gf03d1854d5 (webtiles) character file.

Game seed: 2747330728186732200

7598 qw the Skirmisher (level 11, -5/71 HPs)
             Began as a Gargoyle Hunter on Sept 6, 2023.
             Killed from afar by a hell hog (17 damage)
             ... with a fireball
             ... on level 1 of the Abyss.
             The game lasted 00:03:10 (7792 turns).

qw the Skirmisher (Gargoyle Hunter)                 Turns: 7792, Time: 00:03:10

Health: -5/71      AC: 15    Str: 15    XL:     11   Next: 17%
Magic:  11/11      EV: 22    Int: 10    God:
Gold:   635        SH:  0    Dex: 26    Spells: 10/10 levels left

rFire   + . .        Y - +1 arbalest
rCold   . . .        (shield currently unavailable)
rNeg    + . .        o - +0 troll leather armour
rPois   inf          g - +0 helmet
rElec   +            j - +0 cloak
rCorr   .            i - +0 pair of gloves
SInv    .            (no boots)
Will    .....        (no amulet)
Stlth   ++           h - ring "Meytroda" {rPois rF+ EV+5 Dex+3}
HPRegen 1.11/turn    f - +6 ring of dexterity
MPRegen 0.12/turn

%: no passive effects
@: about to teleport
A: sickness immunity, AC +8, negative energy resistance 1, electricity
resistance, torment resistance 1, petrification resistance
a: no special abilities


You were on level 1 of the Abyss.
You visited 2 branches of the dungeon, and saw 11 of its levels.
You visited the Abyss 1 time.
You also visited: Sewer.

You collected 635 gold pieces.


Innate Abilities, Weirdness & Mutations

You are immune to sickness and miasma.
Your stone body is resilient. (AC +8)
You are immune to poison.
You resist negative energy. (rN+)
You are resistant to electric shocks. (rElec)
You are resistant to unholy torment.
You are immune to petrification.


   Skills:
 - Level 9.0 Fighting
 + Level 13.1 Ranged Weapons
 - Level 4.4 Armour
 - Level 6.1 Dodging
 - Level 1.1 Stealth


You had 10 spell levels left.
You didn't know any spells.
Your spell library was empty.

Inventory:

Hand Weapons
 Y - a +1 arbalest (weapon)
Armour
 d - a +2 robe of resistance
 g - a +0 helmet (worn)
 i - a +0 pair of gloves (worn)
 j - a +0 cloak (worn)
 o - a +0 troll leather armour (worn)
Jewellery
 f - a +6 ring of dexterity (right hand)
 h - the ring "Meytroda" (left hand) {rPois rF+ EV+5 Dex+3}
   (You acquired it on level 5 of the Dungeon)

   [ring of evasion]

   EV+5:      It affects your evasion (+5).
   Dex+3:     It affects your dexterity (+3).
   rF+:       It protects you from fire.
   rPois:     It protects you from poison
Scrolls
 a - 3 scrolls of identify
 n - 2 scrolls of teleportation
Potions
 b - a potion of mutation
 c - 2 potions of curing
 l - 4 potions of haste
 m - a potion of enlightenment

Dungeon Overview and Level Annotations

Branches:
Dungeon (10/15)            Temple (1/1) D:6            Lair (0/5) D:8
  Sewer (visited)
    Orc: D:9-12

Altars:
Ashenzari
Cheibriados
Dithmenos
Elyvilon
Fedhas
Gozag
Kikubaaqudgha
Makhleb
Nemelex Xobeh
Qazlal
Ru
Sif Muna
Trog
Uskayaw
Vehumet
Wu Jian
Xom
Yredelemnul
Zin
The Shining One

Annotations:
D:5 2 transporters, qw's ghost, novice MiHs


Message History

Enter note:
Enter note:
7787 ||| READING 3 scrolls of teleportation.
As you read the scroll of teleportation, it crumbles to dust.
You feel strangely unstable.
You feel the power of the Abyss delaying your translocation!
The hell hog completely misses you.
7788 |||
Found retreat position at 0,2 (floor) with 0 blocking monsters and 1 monsters attacking at destination at distance 2
Enter note:
7788 ||| DRINKING potion of heal wounds.
You feel much better. The hell hog barely misses you.
7789 |||
Found retreat position at 0,2 (floor) with 0 blocking monsters and 1 monsters attacking at destination at distance 2
7789 ||| Stepping ~*~*~tactically~*~*~ (retreating).
The hell hog breathes fire at you.
The fireball explodes!
The fireball engulfs you!! You resist.
The fireball engulfs the hell hog.
The hell hog completely resists.
The hell hog misses you. The hell hog bites you!
The hell hog squeals angrily.
Enter note:
7790 |||
Found retreat position at 1,1 (floor) with 0 blocking monsters and 1 monsters attacking at destination at distance 1
7790 ||| Stepping ~*~*~tactically~*~*~ (retreating).
The hell hog attacks as it pursues you!
The hell hog bites you but does no damage.
You shoot a bolt. The bolt hits the hell hog!
The hell hog is moderately wounded.
The hell hog breathes fire at you.
The fireball explodes!
The fireball engulfs you! You resist.
The fireball engulfs the hell hog.
The hell hog completely resists.
The hell hog completely misses you.
You shoot a bolt. The bolt hits the hell hog!
The hell hog is heavily wounded.
The hell hog misses you.
A tentacled starspawn comes into view.
The hell hog barely misses you. The hell hog breathes fire at you.
The fireball explodes!
The fireball engulfs the hell hog.
The hell hog completely resists.
The fireball engulfs the hell hog.
The hell hog completely resists.
The fireball engulfs you! You resist.
You die...

### #.#### ...#
#....# .
...###.... # .
#... #.X.ยค# .
#..#..##.hh....
#.# ## #..R#h#
...#R . # .
##.h.# . ... .
. # .##h### #..
.# # ##..#@.#
##.... ..
#.#...## ##.. .
#.##...#.# . .
. .....#.#_..#
. . ..
.##.###.##.#.#
. . # X .##
###.#. # . #..
###. #### . #
#.# ##. ###. #
## . . # .#. ##
.


You could see a tentacled starspawn, a rakshasa and 2 hell hogs.

Vanquished Creatures
  A worldbinder (Abyss:1)
  Maurice (D:8)
  A troll (D:9)
  A hornet (D:9)
  Grinder (D:3)
  A wyvern (D:9)
  A ynoxinul (Abyss:1)
  12 yaks
  Duvessa (D:4)
  3 water moccasins
  3 ice beasts
  5 orc warriors
  A sky beast (D:7)
  A black bear (D:7)
  3 centaurs
  An ogre (D:6)
  2 phantoms (D:6)
  7 bullfrogs
  5 kobold brigands
  2 scorpions
  Dowan (D:4)
  3 wights (D:9)
  6 killer bees
  2 howler monkeys
  4 orc priests
  5 hounds
  2 gnoll boudas (D:6)
  A jelly (D:7)
  3 sleepcaps
  5 orc wizards
  3 iguanas (D:5)
  Robin (D:3)
  8 gnolls (D:6)
  9 adders
  3 river rats
  3 shadow imps
  A white imp (D:6)
  5 worms
  2 dart slugs (D:1)
  28 orcs
  5 endoplasms
  4 giant cockroaches
  12 goblins
  6 hobgoblins
  3 jackals (D:5)
  5 quokkas
  10 ball pythons
  7 bats
  5 frilled lizards
  21 kobolds
  13 rats
239 creatures vanquished.

Vanquished Creatures (others)
  An orc wizard (D:7)
1 creature vanquished.

Grand Total: 240 creatures vanquished

Notes
Turn   | Place    | Note
-------+----------+-------------------------------------------
     0 | D:1      | qw the Gargoyle Hunter began the quest for the Orb.
     0 | D:1      | Reached XP level 1. HP: 12/12 MP: 1/1
     0 | D:1      | 0 ||| qw: Version: 0.3-a-76-g4403597
     0 | D:1      | 0 ||| qw: Game counter: 357
     0 | D:1      | 0 ||| qw: Melee chars always use a shield: true
     0 | D:1      | 0 ||| qw: God list: Okawaru
     0 | D:1      | 0 ||| qw: Allow faded altars: false
     0 | D:1      | 0 ||| qw: Do Orc after clearing Dungeon:15 true
     0 | D:1      | 0 ||| qw: Do second Lair branch before Depths: true
     0 | D:1      | 0 ||| qw: Lair rune preference: random
     0 | D:1      | 0 ||| qw: Goals: Normal
     0 | D:1      | 0 ||| PLANNING D:1-11
   179 | D:1      | Reached XP level 2. HP: 17/17 MP: 2/2
   465 | D:1      | Reached XP level 3. HP: 21/21 MP: 3/3
   505 | D:1      | Reached skill level 5 in Ranged Weapons
   816 | D:1      | You fall into a shaft and drop 1 floor!
   817 | D:2      | 817 ||| UPGRADING to ring of protection from fire.
   818 | D:2      | 818 ||| UPGRADING to +6 ring of dexterity.
   819 | D:2      | 819 ||| READING 2 scrolls labelled YXUSAO TOSO.
   820 | D:2      | 820 ||| DROPPING scroll of butterflies.
  1387 | D:2      | Reached skill level 3 in Fighting
  1568 | D:2      | Reached XP level 4. HP: 28/28 MP: 4/4
  1746 | D:2      | 1746 ||| READING scroll labelled BUGHEI OKAYH.
  1747 | D:2      | 1747 ||| READING scroll labelled ZOCOSO RAAXUSI.
  1793 | D:3      | Found the macabre finger necklace {Finger+ rN+}
  1851 | D:3      | Noticed Robin
  1856 | D:3      | 1856 ||| Stepping ~*~*~tactically~*~*~ (outnumbered).
  1861 | D:3      | Killed Robin
  1873 | D:3      | 1873 ||| Stepping ~*~*~tactically~*~*~ (outnumbered).
  1875 | D:3      | 1875 ||| Stepping ~*~*~tactically~*~*~ (outnumbered).
  2457 | D:3      | Noticed Grinder
  2463 | D:3      | Paralysed by Grinder for 5 turns
  2479 | D:3      | Killed Grinder
  2480 | D:3      | Reached skill level 7 in Ranged Weapons
  2480 | D:3      | Reached XP level 5. HP: 10/32 MP: 5/5
  2480 | D:3      | Reached XP level 6. HP: 11/37 MP: 6/6
  2645 | D:3      | 2645 ||| UPGRADING to +0 helmet.
  2650 | D:3      | 2650 ||| READING 2 scrolls labelled CIKHLA XAMAE.
  2651 | D:3      | 2651 ||| READING scroll labelled SOVEL GISTASOA.
  2652 | D:3      | 2652 ||| DRINKING 2 pink potions.
  2653 | D:3      | 2653 ||| DRINKING 2 bubbling yellow potions.
  2757 | D:3      | 2757 ||| READING 2 scrolls of identify.
  2757 | D:3      | 2757 ||| IDENTIFYING orange potion
  2758 | D:3      | 2758 ||| DROPPING scroll of fear.
  2759 | D:3      | 2759 ||| DROPPING potion of attraction.
  2760 | D:3      | 2760 ||| DROPPING potion of berserk rage.
  2774 | D:4      | 2774 ||| PLANNING SEWER
  3085 | D:4      | Reached skill level 1 in Armour
  3145 | D:4      | Noticed Duvessa
  3145 | D:4      | Noticed Dowan
  3167 | D:4      | Killed Duvessa
  3168 | D:4      | Reached XP level 7. HP: 37/43 MP: 7/7
  3168 | D:4      | Killed Dowan
  3267 | D:4      | Found a glowing drain.
  3269 | D:4      | 3269 ||| READING 3 scrolls labelled UXOAPNE INNE.
  3270 | D:4      | 3270 ||| READING 2 scrolls of enchant weapon.
  3270 | D:4      | 3270 ||| ENCHANTING +1 shortbow of draining.
  3271 | D:4      | 3271 ||| READING scroll of enchant weapon.
  3271 | D:4      | 3271 ||| ENCHANTING +2 shortbow of draining.
  3272 | D:4      | 3272 ||| READING scroll labelled ETUKKU REORETA.
  3373 | D:4      | 3373 ||| READING 2 scrolls of identify.
  3373 | D:4      | 3373 ||| IDENTIFYING lumpy red potion
  3374 | D:4      | 3374 ||| DROPPING potion of magic.
  3379 | Sewer    | Entered a sewer
  3409 | Sewer    | 3409 ||| Stepping ~*~*~tactically~*~*~ (water).
  3414 | Sewer    | 3414 ||| Stepping ~*~*~tactically~*~*~ (water).
  3489 | Sewer    | 3489 ||| Stepping ~*~*~tactically~*~*~ (water).
  3508 | Sewer    | 3508 ||| Stepping ~*~*~tactically~*~*~ (water).
  3511 | Sewer    | 3511 ||| Stepping ~*~*~tactically~*~*~ (water).
  3539 | Sewer    | Reached skill level 8 in Ranged Weapons
  3543 | Sewer    | 3543 ||| Stepping ~*~*~tactically~*~*~ (water).
  3557 | Sewer    | 3557 ||| Stepping ~*~*~tactically~*~*~ (water).
  3632 | Sewer    | 3632 ||| Stepping ~*~*~tactically~*~*~ (outnumbered).
  3634 | Sewer    | 3634 ||| Stepping ~*~*~tactically~*~*~ (outnumbered).
  3636 | Sewer    | 3636 ||| Stepping ~*~*~tactically~*~*~ (outnumbered).
  3674 | Sewer    | 3674 ||| READING scroll labelled PIASMU EMNUUBA.
  3675 | Sewer    | 3675 ||| READING scroll labelled VESCHA ZAOLLIF.
  3676 | Sewer    | 3676 ||| READING scroll labelled VEOPPA CENYPT.
  3677 | Sewer    | 3677 ||| READING 3 scrolls labelled QIQAIWATRU.
  3681 | Sewer    | 3681 ||| DRINKING 3 black potions.
  3693 | D:4      | 3693 ||| PLANNING D:1-11
  3779 | D:4      | 3779 ||| SWAPPING to +0 arbalest.
  3780 | D:4      | 3780 ||| DROPPING +3 shortbow of draining.
  3931 | D:5      | Entered Level 5 of the Dungeon
  3972 | D:5      | Reached XP level 8. HP: 49/49 MP: 8/8
  3981 | D:5      | Found a transporter.
  3982 | D:5      | Noticed qw's ghost (novice MiHs)
  4126 | D:5      | Reached skill level 9 in Ranged Weapons
  4379 | D:5      | Reached skill level 3 in Dodging
  4386 | D:5      | Identified the +1 great mace of Mugi {flame, Dex+4}
  4390 | D:5      | 4390 ||| READING scroll labelled EDUOMUSH HAUSI.
  4390 | D:5      | Identified a scroll of acquirement
  4390 | D:5      | 4390 ||| ACQUIRING ring "Meytroda" {rPois rF+ EV+5 Dex+3}
  4390 | D:5      | Acquired the ring "Meytroda" {rPois rF+ EV+5 Dex+3}
  4392 | D:5      | 4392 ||| UPGRADING to ring "Meytroda" {rPois rF+ EV+5
                  | Dex+3}.
  4394 | D:5      | 4394 ||| DROPPING ring of protection from fire.
  4395 | D:5      | 4395 ||| DRINKING 3 fizzy ruby potions.
  4396 | D:5      | 4396 ||| READING 2 scrolls of identify.
  4396 | D:5      | 4396 ||| IDENTIFYING fizzy sapphire potion
  4397 | D:5      | 4397 ||| DROPPING 2 potions of degeneration.
  4401 | D:5      | Found a transporter.
  4437 | D:6      | 4437 ||| RETREATING.
  4452 | D:6      | Reached skill level 6 in Fighting
  4494 | D:6      | 4494 ||| FLEEEEING.
  4495 | D:6      | 4495 ||| STAIRDANCE
  4593 | D:6      | Reached XP level 9. HP: 56/56 MP: 9/9
  4702 | D:6      | Reached skill level 10 in Ranged Weapons
  4797 | D:6      | Found a glowing golden altar of the Shining One.
  4844 | D:6      | Found a staircase to the Ecumenical Temple.
  4845 | D:6      | 4845 ||| PLANNING TEMPLE
  4845 | D:6      | 4845 ||| UPGRADING to +0 pair of gloves.
  4850 | D:6      | 4850 ||| UPGRADING to +1 ring mail of willpower.
  4860 | D:6      | 4860 ||| DROPPING +0 leather armour.
  4861 | D:6      | 4861 ||| READING 2 scrolls of identify.
  4861 | D:6      | 4861 ||| IDENTIFYING bubbling golden potion
  4862 | D:6      | 4862 ||| DROPPING potion of lignification.
  4871 | Temple   | Entered the Ecumenical Temple
  4872 | Temple   | 4872 ||| PLANNING D:1-11
  4970 | D:6      | Reached skill level 3 in Armour
  5082 | D:6      | 5082 ||| DRINKING 2 emerald potions.
  5083 | D:6      | 5083 ||| READING 2 scrolls of identify.
  5083 | D:6      | 5083 ||| IDENTIFYING ruby potion
  5084 | D:6      | 5084 ||| DROPPING potion of invisibility.
  5406 | D:7      | Reached skill level 11 in Ranged Weapons
  5862 | D:8      | Noticed Maurice
  5865 | D:8      | Killed Maurice
  5866 | D:8      | Reached XP level 10. HP: 65/65 MP: 10/10
  5969 | D:8      | 5969 ||| READING scroll of enchant weapon.
  5969 | D:8      | 5969 ||| ENCHANTING +0 arbalest.
  5997 | D:8      | Found a staircase to the Lair.
  6148 | D:8      | 6148 ||| RETREATING.
  6170 | D:8      | Reached skill level 12 in Ranged Weapons
  6730 | D:8      | 6730 ||| UPGRADING to +0 cloak.
  6735 | D:8      | 6735 ||| READING scroll labelled WEASKO QABALYU.
  6805 | D:9      | 6805 ||| Stepping ~*~*~tactically~*~*~ (retreating).
  7131 | D:9      | Reached skill level 13 in Ranged Weapons
  7138 | D:9      | Reached skill level 9 in Fighting
  7418 | D:9      | Reached XP level 11. HP: 71/71 MP: 11/11
  7482 | D:9      | 7482 ||| UPGRADING to +0 troll leather armour.
  7492 | D:9      | 7492 ||| DROPPING +1 ring mail of willpower.
  7493 | D:9      | 7493 ||| DROPPING +6 ring of intelligence.
  7494 | D:9      | 7494 ||| READING 4 scrolls of identify.
  7494 | D:9      | 7494 ||| IDENTIFYING fizzy cyan potion
  7548 | D:10     | Entered Level 10 of the Dungeon
  7618 | D:10     | Found a burning altar of Makhleb.
  7640 | D:10     | 7640 ||| Stepping randomly (disturbance).
  7641 | D:10     | 7641 ||| Stepping randomly (disturbance).
  7642 | Abyss:1  | Cast into level 1 of the Abyss (orc wizard)
  7650 | Abyss:1  | Noticed a worldbinder
  7652 | Abyss:1  | Noticed a merfolk aquamancer
  7652 | Abyss:1  | Noticed a manticore
  7652 | Abyss:1  | Noticed a manticore
  7655 | Abyss:1  | Killed a worldbinder
  7656 | Abyss:1  | Reached skill level 6 in Dodging
  7725 | Abyss:1  | Found a corrupted altar of Lugonu.
  7773 | Abyss:1  | Noticed a hell hog
  7775 | Abyss:1  | Noticed a hell hog
  7775 | Abyss:1  | 7775 ||| Stepping ~*~*~tactically~*~*~ (outnumbered).
  7776 | Abyss:1  | Noticed a hell hog
  7777 | Abyss:1  | Noticed a hell hog
  7778 | Abyss:1  | 7778 ||| Stepping ~*~*~tactically~*~*~ (outnumbered).
  7780 | Abyss:1  | 7780 ||| RETREATING.
  7781 | Abyss:1  | Noticed a rakshasa
  7783 | Abyss:1  | 7783 ||| Stepping ~*~*~tactically~*~*~ (retreating).
  7784 | Abyss:1  | 7784 ||| Stepping ~*~*~tactically~*~*~ (retreating).
  7785 | Abyss:1  | 7785 ||| Stepping ~*~*~tactically~*~*~ (retreating).
  7786 | Abyss:1  | 7786 ||| Stepping ~*~*~tactically~*~*~ (retreating).
  7786 | Abyss:1  | HP: 16/71 [hell hog/fireball (13)]
  7787 | Abyss:1  | 7787 ||| READING 3 scrolls of teleportation.
  7788 | Abyss:1  | 7788 ||| DRINKING potion of heal wounds.
  7789 | Abyss:1  | 7789 ||| Stepping ~*~*~tactically~*~*~ (retreating).
  7790 | Abyss:1  | 7790 ||| Stepping ~*~*~tactically~*~*~ (retreating).
  7791 | Abyss:1  | HP: 11/71 [hell hog/fireball (8)]
  7792 | Abyss:1  | Noticed a tentacled starspawn
  7792 | Abyss:1  | Killed from afar by a hell hog

Levels and vault maps discovered:
D:1:      minmay_arrival_wavy_path, layout_loops_corners
D:2:      layout_loops_corners, nicolae_underground_beach
D:3:      layout_basic, uniq_robin, uniq_grinder
D:4:      layout_loops_ring, portal_sewer_entry_e, serial_aquarium,
          aquarium_bridge_long_separate [aquarium_subvault_bridge,
          aquarium_subvault_window, aquarium_subvault_bridge,
          aquarium_subvault_bridge, aquarium_subvault_window,
          aquarium_subvault_wall], aquarium_bridge_square
          [aquarium_subvault_window, aquarium_subvault_balcony,
          aquarium_subvault_bridge, aquarium_subvault_window],
          aquarium_window_1, aquarium_window_1, aquarium_window_corner,
          aquarium_view_2g, aquarium_pool_side, uniq_duvessa
D:5:      layout_cave_pools, gammafunk_ghost_smash, dreamdust_princess_corridor,
          minmay_misc_feat_alley, kennysheep_generic_room_4
D:6:      layout_rooms, mainiacjoe_overflow_brackets,
          minmay_temple_entry_poolview
D:7:      kb_forest_paths, layout_basic
D:8:      layout_basic, lair_entry_dummy, minmay_hedge_maze, uniq_maurice
D:9:      layout_roguey, small_statue_alley_b
D:10:     layout_irregular_city, mainiacjoe_overflow_chevrons,
          mainiacjoe_overflow_catwalk_spiral, david_orc_4
Temple:   nicolae_temple_two_arcs
Abyss:1:  base: D:1, patterned_corridor

Skill      XL: |  1  2  3  4  5  6  7  8  9 10 11 |
---------------+----------------------------------+-----
Ranged Weapons | 5 7 8 9 11 13 | 13.1
Fighting       | 3 4 5 6 8 9 |  9.0
Dodging        | 2 3 4 6 |  6.1
Armour         | 1 3 4 |  4.4
Stealth        | |  1.1

Action                     |  1- 3 |  4- 6 |  7- 9 | 10-12 || total
---------------------------+-------+-------+-------+-------++-------
   Fire: Shortbow          |   119 |   128 |    65 |       ||   312
         Arbalest          |       |       |   231 |   196 ||   427
    Use: Scroll            |     1 |     5 |    13 |     4 ||    23
         Potion            |       |     2 |     3 |     1 ||     6
 Armour: Leather armour    |    20 |    49 |    50 |       ||   119
         Ring mail         |       |       |    12 |    47 ||    59
         Troll leather arm |       |       |       |    32 ||    32
  Dodge: Dodged            |    27 |    62 |   125 |   129 ||   343

Table legend:
 A = Non-vault XP
 B = Vault XP
 C = Vault XP percentage of total XP
 D = Non-vault monster count
 E = Vault monster count
 F = Vault count percentage of total count
                 A         B        C        D         E       F
            +---------+---------+-------+---------+---------+-------
      Total |    9097 |    1758 |  16.2 |     190 |      50 |  20.8
            +---------+---------+-------+---------+---------+-------
        D:1 |      44 |       0 |   0.0 |      26 |       0 |   0.0
        D:2 |      43 |       0 |   0.0 |      15 |       0 |   0.0
        D:3 |      30 |     312 |  91.2 |      11 |      12 |  52.2
        D:4 |     152 |     248 |  62.0 |       7 |      10 |  58.8
        D:5 |     579 |       5 |   0.9 |      22 |       1 |   4.3
        D:6 |    1203 |       0 |   0.0 |      27 |       0 |   0.0
        D:7 |     994 |     406 |  29.0 |      18 |       6 |  25.0
        D:8 |    1824 |     439 |  19.4 |      18 |       1 |   5.3
        D:9 |    2670 |       0 |   0.0 |      27 |       0 |   0.0
       D:10 |     826 |       0 |   0.0 |      17 |       0 |   0.0
    Abyss:1 |     732 |       0 |   0.0 |       2 |       0 |   0.0
      Sewer |       0 |     348 | 100.0 |       0 |      20 | 100.0
            +---------+---------+-------+---------+---------+-------
